 Dungeon Crawl Stone Soup version 0.32-a0-702-gc29ba85809 (webtiles) character file.

Game seed: 15912350017987357214

78309 IndexError the Fighter (level 15, 0/163 HPs)
             Began as a Troll Gladiator on Mar 14, 2024.
             Was the Champion of Dithmenos.
             Incinerated by a deep elf pyromancer (16 damage)
             ... with a pyre arrow
             ... on level 13 of the Dungeon.
             The game lasted 00:59:30 (22204 turns).

IndexError the Fighter (Troll Gladiator)           Turns: 22204, Time: 00:59:30

Health: 0/163      AC: 20    Str: 30    XL:     15   Next: 17%
Magic:  29/29      EV:  6    Int: 13    God:    Dithmenos [******]
Gold:   2476       SH:  5    Dex: 11    Spells: 10/14 levels left

rFire   . .          .
                       - Unarmed
rCold   . . .        (no shield)
rNeg    . . .        q - +0 storm dragon scales
rPois   +            b - +2 hat
rElec   +            H - +2 cloak
rCorr   +            (gloves unavailable)
SInv    .            (boots unavailable)
Will    +++..        F - amulet of Plog {Reflect Will+ Regen+ Str+4 SH+5} Stlth
                     V - ring of poison resistance {rPois, !d}
HPRegen 2.07/turn    O - ring of Cowardice {Will+ rCorr MP+9 Int+3}
MPRegen 0.21/turn

%: reflection
@: on fire, glowing, studying Maces & Flails
A: large, unfitting armour, claws 3, regeneration 1, shaggy fur 1, tough skin 1
a: Renounce Religion, Shadow Step, Shadow Form


You were on level 13 of the Dungeon.
You worshipped Dithmenos.
Dithmenos was exalted by your worship.
You visited 4 branches of the dungeon, and saw 21 of its levels.
You also visited: Ossuary.

You collected 2532 gold pieces.
You spent 56 gold pieces at shops.

Inventory:

Missiles
 c - a throwing net {=f, !d}
 E - 31 poisoned darts
 K - 5 javelins
 T - 18 boomerangs (quivered)
 U - 6 curare-tipped darts
 Z - 7 large rocks {!d}
Armour
 a - a +2 robe of positive energy
   (You took it off an orc sorcerer on level 2 of the Orcish Mines)
 b - a +2 hat (worn)
 q - +0 storm dragon scales (worn)
   (You found it on level 2 of the Dungeon)
 H - a +2 cloak (worn)
   (You found it on level 9 of the Dungeon)
Jewellery
 g - a ring of resist corrosion
   (You found it on level 3 of the Lair of Beasts)
 h - a ring of see invisible {sInv, !d}
   (You found it on level 1 of the Dungeon)
 F - the amulet of Plog (around neck) {Reflect Will+ Regen+ Str+4 SH+5}
   (You acquired it on level 8 of the Dungeon)

   [amulet of reflection]

   Reflect:   It reflects blocked missile attacks.
   Str+4:     It affects your strength (+4).
   Will+:     It increases your willpower.
   Regen+:    It increases your rate of health regeneration.
   SH+5:      It affects your SH (+5).
 J - a ring of fire {rF+, rC-}
   (You found it on level 4 of the Lair of Beasts)
 N - a ring of willpower
   (You found it on level 10 of the Dungeon)
 O - the ring of Cowardice (right claw) {Will+ rCorr MP+9 Int+3}
   (You found it on level 2 of the Orcish Mines)

   [ring of magical power]

   Int+3:     It affects your intelligence (+3).
   Will+:     It increases your willpower.
   MP+9:      It affects your magic capacity (+9).
   rCorr:     It protects you from acid and corrosion.
 P - a ring of ice {rC+, rF-}
   (You found it on level 10 of the Dungeon)
 Q - a ring of protection from fire {rF+, !d}
   (You found it on level 2 of the Orcish Mines)
 V - a ring of poison resistance (left claw) {rPois, !d}
   (You found it on level 1 of the Lair of Beasts)
Wands
 t - a wand of mindburst (1)
   (You found it on level 4 of the Lair of Beasts)
 u - a wand of warping (28)
   (You took it off a hobgoblin on level 4 of the Dungeon)
 A - a wand of polymorph (3)
   (You found it on level 5 of the Lair of Beasts)
 R - a wand of light (6)
   (You found it on level 2 of the Orcish Mines)
 S - a wand of flame (19)
   (You found it on level 2 of the Lair of Beasts)
 X - a wand of paralysis (11)
   (You found it on level 3 of the Lair of Beasts)
Scrolls
 e - 12 scrolls of teleportation
 k - a scroll of brand weapon
 m - 5 scrolls of immolation {!r}
 p - 3 scrolls of fear
 r - 5 scrolls of silence
 v - 4 scrolls of fog
 w - 2 scrolls of poison {!r}
 B - 3 scrolls of revelation
 D - 2 scrolls of torment {unknown}
 G - 2 scrolls of enchant weapon
 L - 5 scrolls of amnesia
 W - a scroll of vulnerability {!r!r}
 Y - 2 scrolls of blinking {unknown}
Potions
 f - 4 potions of mutation {unknown}
 i - 13 potions of curing
 j - 2 potions of ambrosia
 l - a potion of invisibility
 n - 2 potions of attraction {!q}
 o - 3 potions of cancellation {unknown}
 s - 4 potions of heal wounds {unknown}
 x - 2 potions of haste
 z - 2 potions of berserk rage {!q}
 C - a potion of brilliance
 I - 2 potions of lignification {!q}
 M - 2 potions of might
Miscellaneous
 d - a box of beasts
   (You found it on level 4 of the Lair of Beasts)


   Skills:
 - Level 14.1 Fighting
 - Level 12.0 Throwing
 + Level 7.9 Armour
 - Level 2.4 Dodging
 * Level 12.2 Unarmed Combat
 + Level 8.7 Invocations
 - Level 2.2 Shapeshifting


You had 10 spell levels left.
You knew the following spells:

 Your Spells              Type           Power      Damage    Failure   Level
a - Dimensional Bullseye  Hex/Tloc       0%         N/A       100%        4

Your spell library contained the following spells:

 Spells                   Type           Power      Damage    Failure   Level
 Apportation              Tloc           0%         N/A       78%         1
 Foxfire                  Conj/Fire      0%         2x1d4     78%         1
 Freeze                   Ice            0%         1d3       78%         1
 Necrotise                Necr           0%         1d4       78%         1
 Sandblast                Erth           0%         2d4       78%         1
 Shock                    Conj/Air       0%         1d3       78%         1
 Sting                    Conj/Alch      0%         1d3       78%         1
 Summon Small Mammal      Summ           0%         N/A       78%         1
 Call Canine Familiar     Summ           0%         N/A       98%         3
 Frozen Ramparts          Ice            0%         1d1       98%         3
 Gell's Gravitas          Tloc           0%         N/A       98%         3
 Hailstorm                Conj/Ice       0%         3d5       98%         3
 Sigil of Binding         Hex            0%         N/A       98%         3
 Stone Arrow              Conj/Erth      0%         3d7       98%         3
 Swiftness                Air            0%         N/A       98%         3
 Teleport Other           Tloc           0%         N/A       98%         3
 Airstrike                Air            0%         2d(0-16)  100%        4
 Brom's Barrelling Bould  Conj/Erth      0%         2d3       100%        4
 Ignite Poison            Fire/Alch      0%         N/A       100%        4
 Sticky Flame             Fire/Alch      0%         2d4       100%        4
 Vhi's Electric Charge    Tloc/Air       0%         N/A       100%        4
 Arcjolt                  Conj/Air       0%         1d10      100%        5
 Conjure Ball Lightning   Conj/Air       0%         3x3d6     100%        6
 Death Channel            Necr           0%         N/A       100%        6
 Dispersal                Tloc           0%         N/A       100%        6
 Plasma Beam              Fire/Air       0%         2x1d10    100%        6
 Sculpt Simulacrum        Ice/Alch       0%         N/A       100%        6
 Starburst                Conj/Fire      0%         6d3       100%        6
 Discord                  Hex            0%         N/A       100%        8
 Disjunction              Tloc           0%         N/A       100%        8
 Ignition                 Fire           0%         3d3       100%        8


Dungeon Overview and Level Annotations

Branches:
Dungeon (13/15)            Temple (1/1) D:4            Lair (5/5) D:9
 Shoals (0/4) Lair:3        Snake (0/4) Lair:2        Slime (0/5) Lair:5
    Orc (2/2) D:10            Elf (0/3) Orc:2       Ossuary (visited)
 Vaults: D:13-14

Altars:
Ashenzari
Cheibriados
Dithmenos
Elyvilon
Fedhas
Gozag
Hepliaklqana
Kikubaaqudgha
Makhleb
Nemelex Xobeh
Okawaru
Qazlal
Ru
Sif Muna
Trog
Uskayaw
Vehumet
Wu Jian
Xom
Yredelemnul
Zin
The Shining One
Beogh
Jiyva

Shops:
Orc:2 (*(:

Annotations:
D:10 1 runed translucent door


Innate Abilities, Weirdness & Mutations

You are too large for most types of armour.
You have claws for hands.
Your natural rate of healing is unusually fast.
You are covered in fur. (AC +1)
You have tough skin. (AC +1)


Message History

The deep elf archer wields a +4 quarterstaff.
The deep elf archer hits you but does no damage.
Health restored: 163 You mangle the deep elf archer!!
Dithmenos accepts your kill.
No target in view!
Items here: )))) [[ ††.
Okay, then.
You see here a +0 dagger.
Things that are here:
a +0 giant spiked club; a +0 giant spiked club; a two-headed ogre corpse A centaur warrior skeleton comes into view.
A centaur warrior skeleton is nearby!
The deep elf pyromancer shouts!
The deep elf pyromancer casts a spell.
Z - 7 large rocks {!d} (gained 2)
There are no items here.
The deep elf pyromancer casts a spell at you.
The bolt of fire hits you.
You take 5 damage, and have 158/163 hp.
You closely miss the deep elf pyromancer.
Your shadow hits the deep elf pyromancer.
The deep elf pyromancer hits you with a +0 long sword!
You take 6 damage, and have 152/163 hp.
You closely miss the deep elf pyromancer.
Your shadow barely misses the deep elf pyromancer.
The deep elf pyromancer casts a spell at you.
The pyre arrow hits you.
You are covered in intense liquid fire!
You regained 2 hp, and now have 154/163 hp.
You closely miss the deep elf pyromancer.
The liquid fire burns you!
The deep elf pyromancer hits you but does no damage.
You take 8 damage, and have 146/163 hp.
You claw the deep elf pyromancer! The liquid fire burns you!
You emit a cloud of dark smoke.
You take 10 damage, and have 136/163 hp.
You closely miss the deep elf pyromancer.
The liquid fire burns you!
The deep elf pyromancer points at you and mumbles some strange words.
The pyre arrow hits you.
You are even more covered in intense liquid fire!
You take 5 damage, and have 131/163 hp.
You claw the deep elf pyromancer! The liquid fire burns you!
The deep elf pyromancer hits you with a +0 long sword.
You take 10 damage, and have 121/163 hp.
You closely miss the deep elf pyromancer.
Your shadow barely misses the deep elf pyromancer.
The liquid fire burns you!
You emit a cloud of dark smoke.
The deep elf pyromancer barely misses you.
You take 10 damage, and have 111/163 hp.
You scratch the deep elf pyromancer. The liquid fire burns you!
You take 6 damage, and have 105/163 hp.
You mangle the deep elf pyromancer!! Dithmenos accepts your kill.
The fire elemental disappears in a puff of smoke!
The liquid fire burns you!
You take 5 damage, and have 100/163 hp.
You are on fire!
The liquid fire burns you!
You take 9 damage, and have 91/163 hp.
The liquid fire burns you!
You take 9 damage, and have 82/163 hp.
The liquid fire burns you!
You emit a cloud of dark smoke.
You take 9 damage, and have 73/163 hp.
The liquid fire burns you!
You take 4 damage, and have 69/163 hp.
The liquid fire burns you!
You emit a cloud of dark smoke.
You take 11 damage, and have 58/163 hp.
The liquid fire burns you!
You take 4 damage, and have 54/163 hp.
The liquid fire burns you!
* * * LOW HITPOINT WARNING * * *
You take 9 damage, and have 45/163 hp.
The liquid fire burns you!
* * * LOW HITPOINT WARNING * * *
You take 12 damage, and have 33/163 hp.
The liquid fire burns you!
* * * LOW HITPOINT WARNING * * *
You take 2 damage, and have 31/163 hp.
The liquid fire burns you!
* * * LOW HITPOINT WARNING * * *
You take 14 damage, and have 17/163 hp.
The liquid fire burns you!
* * * LOW HITPOINT WARNING * * *
You take 10 damage, and have 7/163 hp.
It was a potion of curing.
You feel better. The liquid fire burns you!
* * * LOW HITPOINT WARNING * * *
You regained 9 hp, and now have 16/163 hp.
Okay, then.
You shake off some of the fire as you move.
The liquid fire burns you!
You die...

## #..# #####..# ### #○○. .#
#..### .. #..# .. ##°.. .##
##....# .##..##. #oe°. ..##
#.....#. #.#).#.# #§###
#..#####...>.#..##.#..#.##Z.#E#
#...>....##### #..........# #§#
##.....^.#########§#..#.#####§#
##.......#....§§§§§......O.§o#
#............§@.§§........E.#
###...####...#####§#..#)#######
#....## ###.# .○.....[..#
....## ## e##.#..#.##..# .<...#
#.#..#.# .# .....# .##..##. #
.....## #..# o ......# # #
......##


There were no monsters in sight!

Vanquished Creatures
  Kirke (D:12)
  3 orc warlords
  Josephine (Orc:1)
  5 hydras
  An ice dragon (Lair:5)
  Fannar (D:12)
  An ogre mage (D:13)
  8 two-headed ogres
  3 boulder beetles
  Urug (D:13)
  5 orc high priests (Orc:2)
  Sonja (Lair:4)
  A skeletal warrior (D:13)
  A swamp dragon (Lair:5)
  A deep elf archer (D:13)
  5 deep elf pyromancers
  9 orc knights
  A cyclops (D:11)
  An oklob plant (Lair:5)
  Maurice (D:12)
  3 orc sorcerers (Orc:2)
  A salamander (Lair:2)
  2 wolf spiders (Lair:5)
  A merfolk siren (Lair:3)
  4 kobold blastminers
  4 elephants (Lair:4)
  Joseph (D:7)
  A guardian serpent (Lair:5)
  6 black mambas
  A torpor snail (Lair:4)
  A smoke demon (D:11)
  14 cane toads
  Maggie (D:7)
  3 rime drakes (Lair:5)
  2 centaur skeletons (D:13)
  5 komodo dragons
  An unseen horror (D:13)
  6 trolls
  2 hellwings (D:11)
  3 hornets
  4 dream sheep (Lair:5)
  A blink frog (shapeshifter) (D:9)
  7 blink frogs
  2 slime creatures (D:12)
  16 wyverns
  3 hogs (D:12)
  6 wraiths
  3 vampires
  40 yaks
  Eustachio (D:4)
  A fire bat (shapeshifter) (D:13)
  4 basilisks
  6 wargs
  3 redbacks (Lair:5)
  3 steam dragons
  2 nagas (Lair:2)
  Menkaure (D:4)
  2 acid dragons
  23 water moccasins
  5 swamp drakes (Lair:5)
  61 orc warriors
  A sky beast (D:8)
  2 ice beasts
  8 ogres
  17 wolves
  8 centaurs
  2 phantoms
  3 kobold brigands
  2 scorpions
  A gnoll sergeant (D:11)
  12 bullfrogs
  A burial acolyte (Ossuary)
  17 wights
  11 killer bees
  4 howler monkeys
  An electric eel (D:9)
  A bombardier beetle (D:4)
  3 human zombies (Ossuary)
  A centaur zombie (Ossuary)
  3 hounds
  2 jellies (D:5)
  27 orc priests
  6 iguanas
  A spectral scorpion (Ossuary)
  A gnoll bouda (D:4)
  Jessica (D:2)
  3 hell rats (Lair:4)
  25 orc wizards
  A crocodile zombie (Ossuary)
  A hound zombie (Ossuary)
  3 mummies (Ossuary)
  7 gnolls
  4 adders
  5 river rats (Lair:4)
  A white imp (D:5)
  4 ufetubi
  4 adder zombies (Ossuary)
  5 dart slugs
  115 orcs
  4 bats
  9 endoplasms
  5 giant cockroaches
  2 gnoll zombies (Ossuary)
  11 goblins
  11 hobgoblins
  7 jackals
  7 quokkas
  11 ball pythons
  6 ball python zombies (Ossuary)
  4 frilled lizards
  2 jackal zombies (Ossuary)
  24 kobolds
  2 kobold zombies (Ossuary)
  4 orc zombies (Ossuary)
  10 rats
740 creatures vanquished.

Notes
Turn   | Place    | Note
-------+----------+-------------------------------------------
     0 | D:1      | IndexError the Troll Gladiator began the quest for the Orb.
     0 | D:1      | Reached XP level 1. HP: 19/19 MP: 0/0
   146 | D:1      | Reached XP level 2. HP: 28/28 MP: 1/1
   253 | D:1      | Reached skill level 2 in Fighting
   351 | D:1      | Reached XP level 3. HP: 35/35 MP: 2/2
   543 | D:2      | Reached skill level 4 in Unarmed Combat
   543 | D:2      | Reached skill level 1 in Shapeshifting
   936 | D:2      | You fall into a shaft and drop 1 floor!
  1008 | D:3      | Reached XP level 4. HP: 42/42 MP: 3/3
  1145 | D:2      | Reached skill level 2 in Shapeshifting
  1188 | D:2      | Noticed Jessica
  1194 | D:2      | Killed Jessica
  1291 | D:2      | Reached XP level 5. HP: 49/49 MP: 4/4
  1505 | D:3      | Found a hazy altar of Hepliaklqana.
  1983 | D:4      | Reached skill level 5 in Unarmed Combat
  2033 | D:4      | Noticed Eustachio
  2034 | D:4      | Reached XP level 6. HP: 59/59 MP: 5/5
  2060 | D:4      | Killed Eustachio
  2061 | D:4      | Reached skill level 3 in Fighting
  2061 | D:4      | Reached skill level 6 in Unarmed Combat
  2088 | D:4      | Noticed Menkaure
  2099 | D:4      | Killed Menkaure
  2100 | D:4      | Reached XP level 7. HP: 36/67 MP: 6/6
  2170 | D:4      | Found a staircase to the Ecumenical Temple.
  2177 | Temple   | Entered the Ecumenical Temple
  2330 | D:4      | Reached skill level 7 in Unarmed Combat
  2339 | D:4      | Learned a level 4 spell: Dimensional Bullseye
  2518 | D:5      | Entered Level 5 of the Dungeon
  2518 | D:5      | Found a sand-covered staircase.
  2524 | Ossuary  | Entered an ossuary
  2676 | Ossuary  | Reached skill level 4 in Fighting
  2819 | D:5      | Reached skill level 8 in Unarmed Combat
  2819 | D:5      | Reached XP level 8. HP: 78/78 MP: 7/7
  3380 | D:5      | Found an ornate altar of the Wu Jian Council.
  3509 | D:6      | Reached skill level 9 in Unarmed Combat
  3523 | D:6      | Reached skill level 5 in Fighting
  3699 | D:6      | Identified the +10 falchion "Kukhuikk" {heavy, +Blink rF++
                  | rC- Dex+3}
  4489 | D:6      | Found a blossoming altar of Fedhas.
  4490 | D:6      | Found a hide-covered altar of Uskayaw.
  4491 | D:6      | Found a snail-covered altar of Cheibriados.
  4491 | D:6      | Found an iron altar of Okawaru.
  4759 | Temple   | Became a worshipper of Dithmenos the Shadowed
  4850 | D:7      | Noticed Maggie
  4868 | D:7      | Killed Maggie
  4869 | D:7      | Reached skill level 10 in Unarmed Combat
  4869 | D:7      | Reached XP level 9. HP: 61/89 MP: 8/8
  4956 | D:7      | Noticed Joseph
  4965 | D:7      | Killed Joseph
  5161 | D:7      | Reached skill level 6 in Fighting
  5373 | D:7      | Found an opulent altar of Gozag.
  5440 | D:7      | Found a shimmering altar of Xom.
  5752 | D:7      | Reached skill level 11 in Unarmed Combat
  5993 | D:8      | Found a broken altar of Ashenzari.
  6120 | D:8      | Found a white marble altar of Elyvilon.
  6288 | D:8      | Identified a scroll of acquirement
  6339 | D:8      | Reached * piety under Dithmenos
  6649 | D:8      | Found a glowing golden altar of the Shining One.
  6825 | D:9      | Noticed a troll
  6837 | D:9      | Killed a troll
  6838 | D:9      | Reached skill level 7 in Fighting
  6838 | D:9      | Reached skill level 12 in Unarmed Combat
  6838 | D:9      | Reached XP level 10. HP: 40/102 MP: 9/9
  7013 | D:9      | Found a staircase to the Lair.
  7120 | D:9      | Found a shimmering blue altar of Sif Muna.
  7137 | D:9      | Reached skill level 2 in Throwing
  7275 | D:9      | Reached skill level 3 in Throwing
  7409 | D:9      | Reached skill level 8 in Fighting
  7655 | D:9      | Identified the +0 robe of Supple Strength {Str+4 Int+3}
  7691 | D:9      | Reached skill level 4 in Throwing
  7745 | D:10     | Entered Level 10 of the Dungeon
  8074 | D:10     | Reached skill level 5 in Throwing
  8076 | D:10     | Reached ** piety under Dithmenos
  8178 | D:10     | Noticed a deep elf archer
  8178 | D:10     | Noticed a flayed ghost
  8178 | D:10     | Noticed a fire dragon
  8178 | D:10     | Found the +6 Majin-Bo {spellvamp, MP+6 Int+6}
  8179 | D:10     | Found a runed translucent door.
  8181 | D:10     | Noticed a harpy
  8181 | D:10     | Noticed a stone giant
  8181 | D:10     | Noticed an ettin
  8181 | D:10     | Noticed a deep elf zephyrmancer
  8181 | D:10     | Found the ring of the Hare {EV+10}
  8509 | D:10     | Found a roughly hewn altar of Beogh.
  8509 | D:10     | Found a staircase to the Orcish Mines.
  8553 | D:10     | Reached skill level 6 in Throwing
  9044 | D:10     | Acquired the amulet of Plog {Reflect Will+ Regen+ Str+4
                  | SH+5}
  9052 | Orc:1    | Entered Level 1 of the Orcish Mines
  9070 | Orc:1    | Reached XP level 11. HP: 110/113 MP: 10/10
  9103 | Orc:1    | Reached *** piety under Dithmenos
  9269 | Orc:1    | Noticed Josephine
  9306 | D:10     | Reached skill level 7 in Throwing
  9412 | Orc:1    | Killed Josephine
  9413 | Orc:1    | Reached skill level 9 in Fighting
  9500 | Orc:2    | Entered Level 2 of the Orcish Mines
  9502 | Orc:2    | Noticed a two-headed ogre
  9535 | Orc:2    | Killed a two-headed ogre
  9536 | Orc:2    | Reached skill level 8 in Throwing
  9668 | Orc:2    | HP: 26/115 [kobold blastminer/iron shot (24)]
  9757 | Orc:2    | Noticed a two-headed ogre
  9760 | Orc:2    | Killed a two-headed ogre
  9804 | Orc:2    | Noticed a two-headed ogre
  9815 | Orc:2    | Killed a two-headed ogre
  9865 | Orc:2    | Reached skill level 9 in Throwing
  9920 | Orc:2    | Reached **** piety under Dithmenos
 10095 | Orc:1    | Noticed an orc knight
 10098 | Orc:1    | Noticed an orc knight
 10180 | Orc:2    | Killed an orc knight
 10220 | Orc:1    | Killed an orc knight
 10394 | Orc:2    | Reached skill level 10 in Fighting
 10504 | Orc:2    | Reached XP level 12. HP: 113/126 MP: 11/11
 10533 | Orc:1    | Reached skill level 10 in Throwing
 10736 | Orc:2    | Reached ***** piety under Dithmenos
 11081 | Orc:2    | Identified the ring of Cowardice {Will+ rCorr MP+9 Int+3}
 11182 | Orc:2    | Found a staircase to the Elven Halls.
 11224 | Orc:2    | Noticed a two-headed ogre
 11230 | Orc:2    | Killed a two-headed ogre
 11231 | Orc:2    | Reached skill level 11 in Throwing
 11335 | Orc:2    | Found Zumusore's Antique Weapon Shoppe.
 11336 | Orc:2    | Noticed an orc high priest
 11418 | Orc:2    | Killed an orc high priest
 11488 | Orc:2    | Found Fufrem's Book Shop.
 11488 | Orc:2    | Noticed an orc warlord
 11537 | Orc:2    | Killed an orc warlord
 11578 | Orc:2    | Found Teihakk's Weapon Boutique.
 11631 | Orc:2    | Found a roughly hewn altar of Beogh.
 11631 | Orc:2    | Noticed an orc high priest
 11655 | Orc:2    | Killed an orc high priest
 11656 | Orc:2    | Reached skill level 11 in Fighting
 11656 | Orc:2    | Reached skill level 12 in Throwing
 11696 | Orc:2    | Noticed a two-headed ogre
 11707 | Orc:2    | Killed a two-headed ogre
 11812 | Orc:2    | Noticed an orc warlord
 11851 | Orc:2    | Killed an orc warlord
 11944 | Orc:2    | Reached XP level 13. HP: 139/139 MP: 12/12
 12030 | Orc:2    | Reached skill level 12 in Fighting
 12077 | Orc:2    | Noticed an orc warlord
 12174 | Orc:1    | Killed an orc warlord
 12175 | Orc:1    | Reached skill level 1 in Armour
 12175 | Orc:1    | Reached skill level 1 in Invocations
 12349 | Orc:2    | Found Gailecei's General Store.
 12396 | Orc:2    | Reached skill level 2 in Invocations
 12412 | Orc:2    | Found a roughly hewn altar of Beogh.
 12437 | Orc:2    | Reached skill level 2 in Armour
 12612 | Orc:2    | Bought a scroll of identify for 28 gold pieces
 12612 | Orc:2    | Bought a scroll of identify for 28 gold pieces
 12796 | Lair:1   | Entered Level 1 of the Lair of Beasts
 13605 | Lair:1   | You fall into a shaft and drop 1 floor!
 14147 | Lair:1   | Reached skill level 3 in Invocations
 14421 | Lair:2   | Reached skill level 3 in Armour
 15365 | Lair:2   | Found a staircase to the Snake Pit.
 15834 | Lair:3   | Reached skill level 4 in Invocations
 16122 | Lair:3   | Found a staircase to the Shoals.
 16603 | Lair:4   | Found a basalt altar of Yredelemnul.
 16676 | Lair:4   | Reached skill level 4 in Armour
 16719 | Lair:4   | Reached ****** piety under Dithmenos
 16957 | Lair:4   | Reached skill level 5 in Invocations
 16971 | Lair:4   | Noticed Sonja
 16981 | Lair:4   | Killed Sonja
 17031 | Lair:4   | Reached skill level 13 in Fighting
 17104 | Lair:4   | Reached skill level 5 in Armour
 17362 | Lair:4   | Reached XP level 14. HP: 126/153 MP: 17/17
 17668 | Lair:5   | Entered Level 5 of the Lair of Beasts
 17828 | Lair:5   | Reached skill level 6 in Invocations
 17876 | Lair:5   | Paralysed by a hornet for 1 turns
 18298 | Lair:5   | Reached skill level 6 in Armour
 18346 | Lair:5   | Found a staircase to the Slime Pits.
 18346 | Lair:5   | Found a viscous altar of Jiyva.
 18598 | Lair:5   | Reached skill level 7 in Invocations
 19028 | Lair:5   | Identified the +0 robe of Vasm {rElec Will+ Slay-3}
 19752 | D:11     | Reached skill level 7 in Armour
 20484 | D:12     | Noticed Kirke
 20512 | D:12     | Killed Kirke
 20513 | D:12     | Reached skill level 8 in Invocations
 20585 | D:12     | Reached skill level 14 in Fighting
 20593 | D:12     | Noticed Maurice
 20601 | D:12     | Maurice stole a ring of ice {rC+, rF-}
 20604 | D:12     | Killed Maurice
 20721 | D:12     | Found a sparkling altar of Nemelex Xobeh.
 20930 | D:12     | Noticed Fannar
 20946 | D:12     | Killed Fannar
 21526 | D:13     | Noticed Urug
 21555 | D:13     | Killed Urug
 21556 | D:13     | Reached XP level 15. HP: 91/163 MP: 20/20
 22199 | D:13     | HP: 30/163 [burnt (15)]
 22202 | D:13     | HP: 5/163 [burnt (12)]
 22204 | D:13     | Incinerated by a deep elf pyromancer

Illustrated notes

Levels and vault maps discovered:
D:1:      amcnicky_arrival_wind_blow, layout_rooms
D:2:      layout_loops_cross, shapermc_ecumenical_altar_petra, uniq_jessica
D:3:      layout_loops_ring, mainiacjoe_overflow_catwalk
D:4:      layout_rooms, temple_green, st_stairs_6, minmay_manual_moon,
          uniq_eustachio, uniq_menkaure
D:5:      layout_loops_ring, mainiacjoe_overflow_alcove_2,
          nicolae_ossuary_entry_ruins
D:6:      corexii_shack_village, layout_basic, mainiacjoe_overflow_alcove_3,
          serial_glass, glass_columns_a, glass_columns_a
D:7:      layout_basic, nicolae_gozag_cash_rules_everything_around_me,
          xom_teletrap_fun, uniq_joseph, uniq_maggie
D:8:      layout_basic, evilmike_ruin_ashenzari, tso_oasis_becter,
          lemuel_crystal_altar
D:9:      layout_roguey, tgw_sif, erik_lair_island, interstate_on_off,
          kennysheep_just_a_vault
D:10:     minmay_gate_of_8, layout_irregular_city, david_orc_5, minivault_21
D:11:     layout_cross, nicolae_where_there's_smoke
D:12:     layout_basic, nemelex_lonely_heart_becter, uniq_fannar, uniq_maurice,
          uniq_kirke
D:13:     layout_layer_cave, hangedman_vaults_entry_quadrant_bands, minivault_1,
          uniq_urug
Temple:   hellmonk_temple_beads
Lair:1:   layout_long_grid, gauntlet_entry_generic, patterned_corridor,
          grunt_megastairs_3, infiniplex_staircase_pool_2
Lair:2:   layout_gridlike, alex1729_snake_entry_snake
Lair:3:   layout_gridlike, minmay_shoals_entry_lonely_mermaid
Lair:4:   layout_gridlike, basic_altar, kennysheep_abandoned_house, uniq_sonja
Lair:5:   guppyfry_lair_end_dragon, layout_gridlike,
          hangedman_lair_tendril_chambers, slime_entry_1, st_stairs_9,
          hibernation_bobbens
Orc:1:    cheibrodos_orc_arena, layout_diamond_mine, uniq_josephine
Orc:2:    pubby_orc_utopia

Skill      XL: |  1  2  3  4  5  6  7  8  9 10 11 12 13 14 |
---------------+-------------------------------------------+-----
Fighting       | 2 3 4 5 7 8 10 11 13 14 | 14.1
Unarmed Combat | 4 5 6 8 10 12 | 12.2
Shapeshifting  | 1 2 |  2.2
Throwing       | 6 9 12 | 12.0
Armour         | 5 7 |  7.9
Invocations    | 5 8 |  8.7
Dodging        | |  2.4

Action                     |  1- 3 |  4- 6 |  7- 9 | 10-12 | 13-15 || total
---------------------------+-------+-------+-------+-------+-------++-------
  Melee: Unarmed           |    96 |    97 |   324 |   618 |   858 ||  1993
         Punch             |     1 |     3 |    16 |    41 |    65 ||   126
         Falchion          |       |       |    10 |       |       ||    10
  Throw: Dart              |       |       |     5 |    53 |       ||    58
         Throwing net      |       |       |       |     2 |       ||     2
         Large rock        |       |       |       |     5 |     8 ||    13
         Boomerang         |       |       |       |       |   202 ||   202
 Invoke: Shadow Step       |       |       |       |       |     1 ||     1
Ability: Begin Untransform |       |       |       |     1 |       ||     1
  Evoke: Wand              |       |       |       |     1 |       ||     1
    Use: Scroll            |       |       |    10 |     8 |    13 ||    31
         Potion            |       |       |       |       |     1 ||     1
   Stab: Sleeping          |     3 |       |       |       |       ||     3
         Distracted        |       |       |       |     1 |     1 ||     2
 Armour: Robe              |    49 |    11 |       |       |       ||    60
         Storm dragon scal |       |    50 |   235 |   619 |   848 ||  1752
  Dodge: Dodged            |    51 |    25 |    81 |   236 |   289 ||   682
  Block: Other             |       |       |       |    87 |   167 ||   254
         Reflection        |       |       |       |     7 |     3 ||    10
   Form: Beast             |     1 |       |       |       |       ||     1

Table legend: (Time is in decaauts)
 A = Elapsed time spent in this place.
 B = Non-inter-level travel time spent in this place.
 C = Inter-level travel time spent in this place.
 D = Time resting spent in this place.
 E = Time spent auto-exploring this place.
 F = Levels seen in this place.
 G = Mean time per level.
                   A        B        C        D        E       F      G
               +--------+--------+--------+--------+--------+-----+--------+
         Total |  21835 |  18733 |   3102 |     77 |  14298 |  22 |  992.5 |
       Dungeon |  11899 |  10127 |   1772 |     31 |   8132 |  13 |  915.3 |
        Temple |     51 |      4 |     47 |      0 |      0 |   1 |   51.0 |
          Lair |   5597 |   4928 |    669 |      0 |   3982 |   5 | 1119.4 |
  Orcish Mines |   4026 |   3413 |    613 |     46 |   2070 |   2 | 2013.0 |
       Ossuary |    260 |    260 |      0 |      0 |    114 |   1 |  260.0 |
               +--------+--------+--------+--------+--------+-----+--------+

Top non-repeatable levels by time:
   Orc:2: 3037 daAuts
    D:10: 1567 daAuts
  Lair:5: 1465 daAuts
     D:9: 1277 daAuts
     D:6: 1238 daAuts
  Lair:4: 1194 daAuts
     D:8: 1102 daAuts
  Lair:1: 1044 daAuts
   Orc:1: 989 daAuts
  Lair:3: 974 daAuts
  Lair:2: 920 daAuts
     D:7: 903 daAuts
    D:13: 867 daAuts
    D:12: 847 daAuts
     D:5: 800 daAuts

Levels and vault maps discovered:
D:1:      amcnicky_arrival_wind_blow, layout_rooms
D:2:      layout_loops_cross, shapermc_ecumenical_altar_petra, uniq_jessica
D:3:      layout_loops_ring, mainiacjoe_overflow_catwalk
D:4:      layout_rooms, temple_green, st_stairs_6, minmay_manual_moon,
          uniq_eustachio, uniq_menkaure
D:5:      layout_loops_ring, mainiacjoe_overflow_alcove_2,
          nicolae_ossuary_entry_ruins
D:6:      corexii_shack_village, layout_basic, mainiacjoe_overflow_alcove_3,
          serial_glass, glass_columns_a, glass_columns_a
D:7:      layout_basic, nicolae_gozag_cash_rules_everything_around_me,
          xom_teletrap_fun, uniq_joseph, uniq_maggie
D:8:      layout_basic, evilmike_ruin_ashenzari, tso_oasis_becter,
          lemuel_crystal_altar
D:9:      layout_roguey, tgw_sif, erik_lair_island, interstate_on_off,
          kennysheep_just_a_vault
D:10:     minmay_gate_of_8, layout_irregular_city, david_orc_5, minivault_21
D:11:     layout_cross, nicolae_where_there's_smoke
D:12:     layout_basic, nemelex_lonely_heart_becter, uniq_fannar, uniq_maurice,
          uniq_kirke
D:13:     layout_layer_cave, hangedman_vaults_entry_quadrant_bands, minivault_1,
          uniq_urug
Temple:   hellmonk_temple_beads
Lair:1:   layout_long_grid, gauntlet_entry_generic, patterned_corridor,
          grunt_megastairs_3, infiniplex_staircase_pool_2
Lair:2:   layout_gridlike, alex1729_snake_entry_snake
Lair:3:   layout_gridlike, minmay_shoals_entry_lonely_mermaid
Lair:4:   layout_gridlike, basic_altar, kennysheep_abandoned_house, uniq_sonja
Lair:5:   guppyfry_lair_end_dragon, layout_gridlike,
          hangedman_lair_tendril_chambers, slime_entry_1, st_stairs_9,
          hibernation_bobbens
Orc:1:    cheibrodos_orc_arena, layout_diamond_mine, uniq_josephine
Orc:2:    pubby_orc_utopia

Table legend: (Time is in decaauts)
 A = Elapsed time spent in this place.
 B = Non-inter-level travel time spent in this place.
 C = Inter-level travel time spent in this place.
 D = Time resting spent in this place.
 E = Time spent auto-exploring this place.
 F = Levels seen in this place.
 G = Mean time per level.
                   A        B        C        D        E       F      G
               +--------+--------+--------+--------+--------+-----+--------+
         Total |  21835 |  18733 |   3102 |     77 |  14298 |  22 |  992.5 |
       Dungeon |  11899 |  10127 |   1772 |     31 |   8132 |  13 |  915.3 |
        Temple |     51 |      4 |     47 |      0 |      0 |   1 |   51.0 |
          Lair |   5597 |   4928 |    669 |      0 |   3982 |   5 | 1119.4 |
  Orcish Mines |   4026 |   3413 |    613 |     46 |   2070 |   2 | 2013.0 |
       Ossuary |    260 |    260 |      0 |      0 |    114 |   1 |  260.0 |
               +--------+--------+--------+--------+--------+-----+--------+

Top non-repeatable levels by time:
   Orc:2: 3037 daAuts
    D:10: 1567 daAuts
  Lair:5: 1465 daAuts
     D:9: 1277 daAuts
     D:6: 1238 daAuts
  Lair:4: 1194 daAuts
     D:8: 1102 daAuts
  Lair:1: 1044 daAuts
   Orc:1: 989 daAuts
  Lair:3: 974 daAuts
  Lair:2: 920 daAuts
     D:7: 903 daAuts
    D:13: 867 daAuts
    D:12: 847 daAuts
     D:5: 800 daAuts

Table legend:
 A = Kills in this place as a percentage of kills in the entire game.
 B = Kills by you in this place as a percentage of kills by you in the entire game.
 C = Kills by friends in this place as a percentage of kills by friends in the entire game.
 D = Other kills in this place as a percentage of other kills in the entire game.
 E = Experience gained in this place as a percentage of experience gained in the entire game.
 F = Experience gained in this place divided by the number of levels of this place that you have seen.
                   A       B       C       D       E      F
               +-------+-------+-------+-------+-------+----------------------
         Total | 100.0 | 100.0 |   N/A |   N/A | 100.0 | 5085.0
       Dungeon |  42.8 |  42.8 |   N/A |   N/A |  29.6 | 2550.2
          Lair |  24.6 |  24.6 |   N/A |   N/A |  40.2 | 8992.8
  Orcish Mines |  28.4 |  28.4 |   N/A |   N/A |  29.8 | 16667.0
       Ossuary |   4.2 |   4.2 |   N/A |   N/A |   0.4 | 420.0
               +-------+-------+-------+-------+-------+----------------------
